 Dungeon Crawl Stone Soup version 0.26.1-11-gd32895ea62 (webtiles) character file.

Game seed: 1736988838277398873

423 Patoropollo the Skirmisher (level 6, 0/56 HPs)
             Began as a Hill Orc Fighter on July 9, 2021.
             Was a Follower of Beogh.
             Slain by a worker ant (3 damage)
             ... on level 4 of the Dungeon.
             The game lasted 00:19:24 (3505 turns).

Patoropollo the Skirmisher (Hill Orc Fighter)       Turns: 3505, Time: 00:19:26

Health: 0/56       AC: 11    Str: 19    XL:     6   Next: 95%
Magic:  6/6        EV:  7    Int:  8    God:    Beogh [*.....]
Gold:   195        SH: 10    Dex: 12    Spells: 5/5 levels left

rFire    . . .     SeeInvis .   a - +0 war axe
rCold    . . .     Faith    .   c - +0 kite shield
rNeg     . . .     Spirit   .   b - +0 scale mail
rPois    .         Reflect  .   n - +0 helmet
rElec    .         Harm     .   u - +0 cloak
rCorr    .         Rampage  .   (no gloves)
Will     .....                  y - +0 pair of boots
Stlth    ..........             (no amulet)
HPRegen  0.18/turn              (no ring)
MPRegen  0.10/turn              (no ring)

@: mighty, lethally poisoned (0 -> -2), attractive, hasted, very quick
A: claws 1, hooves 1, subdued magic 1
a: Renounce Religion


You were on level 4 of the Dungeon.
You worshipped Beogh.
Beogh was aware of your devotion.
You visited 1 branch of the dungeon, and saw 4 of its levels.

You collected 195 gold pieces.

Inventory:

Hand Weapons
 a - a +0 war axe (weapon)
Missiles
 t - 8 boomerangs (quivered)
Armour
 b - a +0 scale mail (worn)
 c - a +0 kite shield (worn)
 n - a +0 helmet (worn)
 u - a +0 cloak (worn)
 y - a +0 pair of boots (worn)
Wands
 r - a wand of flame (9)
Scrolls
 e - 6 scrolls of teleportation
 f - 6 scrolls of identify
 j - a scroll of immolation {unknown}
 l - 3 scrolls of remove curse
 o - 2 scrolls of noise
 q - 2 scrolls of amnesia {unknown}
 s - a scroll of enchant weapon {unknown}
 v - 2 scrolls of blinking {unknown}
 w - a scroll of fear {unknown}
 x - 2 scrolls of magic mapping {unknown}
Potions
 g - a potion of mutation
 h - a potion of lignification {unknown}
 k - a potion of curing {unknown}
 m - a potion of attraction
 p - 3 potions of brilliance


   Skills:
 + Level 5.5 Fighting
 + Level 5.2 Axes
 + Level 4.9 Armour
 + Level 5.0 Shields


You had 5 spell levels left.
You didn't know any spells.
Your spell library was empty.

Dungeon Overview and Level Annotations

Branches:
Dungeon (4/15)
 Temple: D:4-7

Altars:
Xom


Innate Abilities, Weirdness & Mutations

You have sharp fingernails.
You have large cloven feet.
Your spells are a little easier to cast, but a little less powerful.


Message History

Unknown command.
It was a potion of attraction.
You feel attractive to monsters.
* * * LOW HITPOINT WARNING * * *
You feel sick.
The worker ant bites you but does no damage.
You block the worker ant's attack.
It was a potion of mutation.
You feel extremely strange.
Your connection to magic feels subdued.
Your feet thicken and deform.
Your fingernails lengthen.
The worker ant waves its antennae.
You block the worker ant's attack.
The worker ant bites you but does no damage.
It was a potion of haste.
You feel yourself speed up.
You feel yourself speed up.
* * * LOW HITPOINT WARNING * * *
You feel sick.
The worker ant bites you but does no damage.
The worker ant bites you.
You die...

#).........###
###........#
#........#
###'########## #.
#................
#>........# ....
######.†).# ..$..
#####†))#......
#....))@B.[....
#..(...))......
#..............
#..............
#..............
#........###...
#........# .##
#........# #


You could see a worker ant.

Vanquished Creatures
  A scorpion (D:3)
  An orc priest (D:4)
  2 orc wizards (D:4)
  Ijyb (D:3)
  Robin (D:4)
  5 gnolls
  9 adders
  An ooze (D:3)
  An adder skeleton (D:4)
  A worm (D:2)
  8 orcs
  A ball python (D:3)
  4 bats
  4 giant cockroaches
  15 goblins
  18 hobgoblins
  11 jackals
  4 kobolds
  2 quokkas (D:2)
  3 frilled lizards (D:1)
  7 rats
100 creatures vanquished.

Vanquished Creatures (others)
  An adder (D:3)
  A goblin (D:3)
2 creatures vanquished.

Grand Total: 102 creatures vanquished

Notes
Turn   | Place    | Note
-------+----------+-------------------------------------------
     0 | D:1      | Patoropollo the Hill Orc Fighter began the quest for the
                  | Orb.
     0 | D:1      | Reached XP level 1. HP: 19/19 MP: 1/1
    85 | D:1      | Reached XP level 2. HP: 7/27 MP: 2/2
   583 | D:1      | Reached XP level 3. HP: 9/33 MP: 3/3
  1235 | D:2      | Reached XP level 4. HP: 32/41 MP: 4/4
  1557 | D:2      | Found a shimmering altar of Xom.
  1763 | D:2      | Reached XP level 5. HP: 43/47 MP: 5/5
  2191 | D:3      | Noticed Ijyb
  2205 | D:3      | Killed Ijyb
  2533 | D:3      | Became a worshipper of Beogh the Brigand
  2600 | D:3      | Reached skill level 5 in Fighting
  2600 | D:3      | Reached XP level 6. HP: 55/56 MP: 6/6
  3485 | D:4      | Noticed Robin
  3494 | D:4      | Reached skill level 5 in Axes
  3495 | D:4      | Reached * piety under Beogh
  3498 | D:4      | Killed Robin
  3502 | D:4      | Reached skill level 5 in Shields
  3504 | D:4      | Gained mutation: Your spells are a little easier to cast,
                  | but a little less powerful. [potion of mutation]
  3504 | D:4      | Gained mutation: You have large cloven feet. [potion of
                  | mutation]
  3504 | D:4      | Gained mutation: You have sharp fingernails. [potion of
                  | mutation]
  3505 | D:4      | Slain by a worker ant

Illustrated notes

Levels and vault maps discovered:
D:1:      dpeg_arrival_more_subterranean_lakeside_camping, layout_basic
D:2:      layout_rooms, tgw_xom, dk_noncrumbling_4, guppyfry_early_orc_mine
D:3:      layout_loops_corners, uniq_ijyb
D:4:      layout_basic, uniq_robin

Skill      XL: |  1  2  3  4  5  6 |
---------------+-------------------+-----
Axes           | 3 4 5 |  5.2
Fighting       | 4 5 |  5.5
Armour         | 4 |  4.9
Shields        | 4 5 |  5.0

Action                   |  1- 3 |  4- 6 || total
-------------------------+-------+-------++-------
Melee: War axe           |    65 |   187 ||   252
Invok: Convert to Beogh  |       |     1 ||     1
  Use: Scroll            |       |     4 ||     4
       Potion            |       |     4 ||     4
 Stab: Invisible         |       |     1 ||     1
Armor: Scale mail        |    32 |   113 ||   145
Dodge: Dodged            |    26 |    71 ||    97
Block: Kite shield       |    43 |   118 ||   161
